 Dungeon Crawl Stone Soup version 0.26.0-45-g9c1d065592 (webtiles) character file.

Game seed: 17756436468453881243

119 kaeus the Sneak (level 5, -1/33 HPs)
             Began as an Octopode Monk on Jan 28, 2021.
             Succumbed to a gnoll's poison
             ... on level 2 of the Dungeon.
             The game lasted 00:02:31 (1867 turns).

kaeus the Sneak (Octopode Monk)                     Turns: 1867, Time: 00:02:32

Health: -1/33      AC:  2    Str: 10    XL:     5   Next: 3%
Magic:  5/5        EV: 17    Int: 12    God:
Gold:   102        SH:  0    Dex: 16    Spells: 4/4 levels left

rFire    . . .     SeeInvis .   a - +0 short sword
rCold    . . .     Faith    .   (no shield)
rNeg     . . .     Spirit   .   (helmet restricted)
rPois    .         Reflect  .   (no amulet)
rElec    .         Harm     .   (no ring)
rCorr    .         Rampage  .   (no ring)
Will     .....                  (no ring)
Stlth    ++++......             (no ring)
HPRegen  0.11/turn              (no ring)
MPRegen  0.09/turn              (no ring)
                                (no ring)
                                (no ring)

@: lethally poisoned (-1 -> -28), attractive
A: almost no armour, stealthy swim, amphibious, 8 rings, constrict 8, repulsion
field 1, rugged brown scales 1, camouflage 1, frail 1, gelatinous body 1
a: no special abilities


You were on level 2 of the Dungeon.
You visited 1 branch of the dungeon, and saw 2 of its levels.

You collected 102 gold pieces.

Inventory:

Hand Weapons
 a - a +0 short sword (weapon)
Jewellery
 h - a cursed amulet of magic regeneration {unknown}
Scrolls
 c - 2 scrolls of fog {unknown}
 d - 2 scrolls of identify {unknown}
 e - 3 scrolls of amnesia {unknown}
 f - a scroll of blinking {unknown}
 i - a scroll of teleportation {unknown}
Potions
 b - a potion of attraction
 j - a potion of magic


   Skills:
 + Level 3.6 Fighting
 + Level 3.6 Short Blades
 + Level 3.6 Dodging
 * Level 5.0 Stealth


You had 4 spell levels left.
You didn't know any spells.
Your spell library was empty.

Dungeon Overview and Level Annotations

Branches:
Dungeon (2/15)

Altars:
Elyvilon


Innate Abilities, Weirdness & Mutations

You cannot wear most types of armour.
You are very stealthy in the water. (Stealth+)
You are amphibious.
You can wear up to eight rings at the same time.
You can use your tentacles to constrict eight enemies at once.
Your skin changes colour to match your surroundings (Stealth+).
Your rubbery body absorbs attacks. (AC +1, EV +1)
You are surrounded by a mild repulsion field. (EV +2)
You are partially covered in rugged brown scales. (AC +1, +3% HP)
You are frail. (-10% HP)


Message History

You have reached level 5!
You feel agile.
You take 1 damage, and have 7/36 hp.
MP restored: 5 It was a potion of attraction.
You feel attractive to monsters.
* * * LOW HITPOINT WARNING * * *
You feel very sick.
You take 3 damage, and have 4/36 hp.
It was a potion of magic.
Magic courses through your body.
* * * LOW HITPOINT WARNING * * *
You feel sick.
You take 2 damage, and have 2/36 hp.
It was a potion of mutation.
You feel extremely strange.
You feel frail.
You begin to radiate repulsive energy.
Rugged brown scales grow over part of your body.
* * * LOW HITPOINT WARNING * * *
You feel sick.
You take 1 damage, and have 1/33 hp.
You die...

### ### #<#
#########.# #.#
#..@).....# #.#
#.#######.### #.#
#.# #.....# #.# #.#
#.#.#.# #.# #.#
#.#.#.# #.# #.#
#...#.#
#.##########.#
#####.#
#............# #.# .
####################
#.########


There were no monsters in sight!

Vanquished Creatures
  Terence (D:2)
  3 adders (D:2)
  4 gnolls
  A worm (D:2)
  2 giant cockroaches (D:1)
  4 goblins (D:1)
  3 hobgoblins
  4 jackals (D:2)
  3 bats
  2 kobolds
  4 rats
31 creatures vanquished.

Notes
Turn   | Place    | Note
-------+----------+-------------------------------------------
     0 | D:1      | kaeus the Octopode Monk began the quest for the Orb.
     0 | D:1      | Reached XP level 1. HP: 16/16 MP: 1/1
    76 | D:1      | Reached skill level 3 in Stealth
   136 | D:1      | Reached XP level 2. HP: 21/21 MP: 2/2
   603 | D:1      | Reached XP level 3. HP: 13/26 MP: 3/3
   874 | D:2      | Reached skill level 4 in Stealth
  1395 | D:2      | Reached XP level 4. HP: 27/31 MP: 4/4
  1480 | D:2      | Noticed Terence
  1494 | D:2      | Killed Terence
  1701 | D:2      | Found a white marble altar of Elyvilon.
  1864 | D:2      | Reached skill level 5 in Stealth
  1864 | D:2      | Reached XP level 5. HP: 7/36 MP: 5/5
  1866 | D:2      | Gained mutation: You are frail. (-10% HP) [potion of
                  | mutation]
  1866 | D:2      | Gained mutation: You are surrounded by a mild repulsion
                  | field. (EV +2) [potion of mutation]
  1866 | D:2      | Gained mutation: You are partially covered in rugged brown
                  | scales. (AC +1, +3% HP) [potion of mutation]
  1866 | D:2      | HP: 1/33 [poisoned by a gnoll]
  1867 | D:2      | Succumbed to a gnoll's poison

Illustrated notes

Levels and vault maps discovered:
D:1:      lightli_arrival_statue_moat, layout_basic
D:2:      layout_basic, kennysheep_ying_yang, minmay_misc_feat_x, uniq_terence

Skill      XL: |  1  2  3  4 |
---------------+-------------+-----
Stealth        | 3 4 5 |  5.0
Fighting       | |  3.6
Short Blades   | |  3.6
Dodging        | |  3.6

Action                   |  1- 3 |  4- 6 || total
-------------------------+-------+-------++-------
Melee: Short sword       |    46 |    30 ||    76
       Constrict         |     9 |     7 ||    16
       Tentacles         |     9 |     5 ||    14
  Use: Potion            |       |     3 ||     3
 Stab: Sleeping          |     5 |     5 ||    10
Armor: Skin              |     4 |     1 ||     5
Dodge: Dodged            |    21 |    17 ||    38
